 Dungeon Crawl Stone Soup version 0.19-a0-831-gce7da8b (webtiles) character file.

94311 Moloch the Phalangite (level 15, 89/132 HPs)
             Began as a Centaur Fighter on June 30, 2016.
             Was the Champion of Okawaru.
             Quit the game on level 15 of the Dungeon.
             The game lasted 01:17:17 (27750 turns).

Moloch the Phalangite (Centaur Fighter)            Turns: 27750, Time: 01:17:17

Health: 89/132     AC: 19    Str: 27    XL:     15   Next: 63%
Magic:  15/24      EV: 20    Int:  7    God:    Okawaru [******]
Gold:   1319       SH:  0    Dex:  8    Spells: 2 memorised, 3 levels left

rFire  + + +     SeeInvis +     L - +5 bardiche (vamp)
rCold  + . .     Gourm    .     a - +5 ring mail of Time Monsters {*Drain rF+++ MP+9 Str+3}
rNeg   . . .     Faith    .     (shield currently unavailable)
rPois  +         Spirit   +     u - +0 helmet
rElec  .         Dismiss  .     w - +1 cloak {+Inv}
rCorr  .         Reflect  .     G - -2 pair of gloves of Trial and Error {rPois Regen+ Str+2}
SustAt .         Harm     .     S - +1 centaur barding {rC+}
MR     +....                    K - amulet of guardian spirit
Stlth  ..........               X - +5 ring of evasion
                                E - ring of Shaolin {EV+8}

@: very quick, somewhat resistant to hostile enchantments, extremely unstealthy
A: hooves 3, see invisible, blink, clumsy 2, deformed body, speed 2,
regeneration 2, tough skin 3, MP-powered wands, sturdy frame 1
a: Blink, Heroism, Finesse, Renounce Religion, Evoke Invisibility


You were on level 15 of the Dungeon.
You worshipped Okawaru.
Okawaru was exalted by your worship.
You were not hungry.

You visited 4 branches of the dungeon, and saw 24 of its levels.
You also visited: Ossuary and Ice Cave.

You collected 2322 gold pieces.
You spent 1003 gold pieces at shops.

Inventory:

Hand Weapons
 t - the +8 frozen axe "Frostbite" {freezing cloud, *Noise +Fly rC+}
   (You took it off a frost giant on level 14 of the Dungeon)

   It has been specially enchanted to freeze those struck by it, causing extra
   injury to most foes and up to half again as much damage against particularly
   susceptible opponents.
   It can also slow down cold-blooded creatures.
   It protects you from cold.
   It lets you fly.
   It may make noises in combat.
 L - a +5 vampiric bardiche (weapon)
 V - a +0 arbalest of freezing
Missiles
 O - 84 bolts
Armour
 a - the +5 ring mail of Time Monsters (worn) {*Drain rF+++ MP+9 Str+3}
   (You bought it in a shop on level 2 of the Orcish Mines)

   It affects your strength (+3).
   It renders you almost immune to fire.
   It affects your magic capacity (+9).
   It causes draining when unequipped.
 u - a +0 helmet (worn)
 w - a +1 cloak of invisibility (worn)
 G - the -2 pair of gloves of Trial and Error (worn) {rPois Regen+ Str+2}
   (You found it on level 2 of the Lair of Beasts)

   It affects your strength (+2).
   It protects you from poison.
   It increases your rate of regeneration.
 Q - a +0 ice dragon armour
 S - a +1 centaur barding of cold resistance (worn)
Rods
 Y - a +1 rod of ignition (15/15)
   (You found it on level 10 of the Dungeon)
Jewellery
 b - an uncursed ring of resist corrosion
 E - the ring of Shaolin (left hand) {EV+8}
   (You found it on level 4 of the Dungeon)

   [ring of evasion]

   It affects your evasion (+8).
 H - an uncursed ring of ice {unknown}
 K - an amulet of guardian spirit (around neck)
 T - an uncursed ring of protection from magic
 X - a +5 ring of evasion (right hand)
Wands
 c - a wand of lightning (8/15)
Scrolls
 i - 3 scrolls of identify
 o - a scroll of torment
 p - 2 scrolls of brand weapon
 q - 5 scrolls of recharging
 r - 9 scrolls of teleportation
 x - 2 scrolls of magic mapping
 y - 2 scrolls of blinking
 I - 7 scrolls of remove curse
 J - a scroll of fear
 N - 4 scrolls of enchant armour
 R - a scroll of fog {unknown}
Potions
 d - 6 potions of might
 e - a potion of resistance
 g - a potion of beneficial mutation
 j - 7 potions of agility
 l - 4 potions of lignification
 m - a potion of magic
 n - 3 potions of invisibility
 s - 2 potions of flight
 v - 11 potions of curing
 z - 2 potions of cure mutation
 B - 4 potions of brilliance
 C - 5 potions of haste
 D - 8 potions of heal wounds
 F - 5 potions of mutation
 P - 2 potions of berserk rage
 Z - a potion of cancellation
Books
 U - a book of Spatial Translocations

   Spells                             Type                      Level
   a - Apportation                    Translocation                1
   b - Blink                          Translocation                2
   c - Shroud of Golubria             Charms/Translocation         2
   d - Portal Projectile              Translocation                3
   e - Teleport Other                 Translocation                3
   f - Passage of Golubria            Translocation                4
Comestibles
 f - 12 bread rations
 h - 7 beef jerkies
 k - 12 meat rations
 A - 42 fruits
 M - 14 chunks of flesh


   Skills:
 - Level 12.1 Fighting
 + Level 4.1(14.8) Axes
 - Level 21.0(21.1) Polearms
 - Level 3.3 Armour
 - Level 1.8 Dodging
   Level 2.1 Shields


You had 3 spell levels left.
You knew the following spells:

 Your Spells              Type           Power        Failure   Level  Hunger
a - Deflect Missiles      Chrm/Air       #.........   100%        6    #######
b - Warp Weapon           Chrm/Tloc      #.........   100%        5    ######.


Dungeon Overview and Level Annotations

Branches:
Dungeon (15/15)            Temple (1/1) D:7            Lair (6/6) D:10
  Swamp (0/4) Lair:4        Snake (0/4) Lair:2        Slime (0/5) Lair:6
    Orc (2/2) D:10            Elf (0/3) Orc:2        Vaults (0/5) D:14
 Depths: D:15

Altars:
Ashenzari
Cheibriados
Dithmenos
Elyvilon
Fedhas
Gozag
Hepliaklqana
Kikubaaqudgha
Makhleb
Nemelex Xobeh
Okawaru
Pakellas
Qazlal
Ru
Sif Muna
Trog
Uskayaw
Vehumet
Xom
Yredelemnul
Zin
The Shining One
Beogh
Jiyva

Shops:
D:7 }   D:13 [   Orc:2 *}%}

Annotations:
Lair:5 exclusion: oklob plant


Innate Abilities, Weirdness & Mutations

You have hooves in place of feet.
Armour fits poorly on your strangely shaped body.
You cover ground very quickly.
You have extremely tough skin. (AC +3)
You have supernaturally acute eyesight. (SInv)
You can translocate small distances at will.
You are very clumsy. (Dex -4)
You heal very quickly.
You expend magic power (3 MP) to strengthen your wands.
Your movements are slightly less encumbered by armour. (ER -2)


Message History

There isn't anything here!
Things that are here:
a shortbow; 12 arrows There isn't anything to butcher here.
You see here 5 arrows.
Things that are here:
an uncursed longbow; 18 arrows There isn't anything to butcher here.
Things that are here:
an uncursed longbow; 15 arrows; a centaur corpse You butcher the centaur corpse.
M - 14 chunks of flesh (gained 4)
Things that are here:
an uncursed longbow; 15 arrows You see here 5 arrows.
Save game and exit?
Okay, then.
Quiver which item? (- for none, * to show all) (? for menu, Esc to quit)
Okay, then.
Are you sure you want to abandon this character and quit the game? (Confirm with "yes".)

........#....# #.#....
....<........## #.#.##.
.............. #.#....
........#...# #.#....
............# .# #.##.
........#...##.#### #.##.
..........[.......#.#.##.
......[)†)......#.. #.##.
##....†)@)....##..# #.###
#.#....(.....#.#..# #.#
#.##.(....##.#...# #.# ..
#.#....#.##....# #.# .
#.#.#..#.#.#....###.#
..#.##..##)#.........#
....##....##).....#####
....#..... #..$:...# ..
#......#.......#


There were no monsters in sight!

Vanquished Creatures
  A frost giant (D:14)
  An orc warlord (Orc:1)
  Maud (D:11)
  Azrael (D:14)
  Josephine (D:11)
  A vault guard (D:14)
  A catoblepas (Lair:6)
  5 hydras
  3 centaur warriors (D:15)
  4 ogre magi (Orc:2)
  Erica (D:11)
  A deep troll shaman (Lair:6)
  8 death yaks
  3 orc high priests (Orc:1)
  4 skeletal warriors (D:14)
  2 wizards (D:14)
  4 orc knights (Orc:1)
  A lindwurm (Lair:6)
  3 necromancers (D:14)
  5 hill giants
  2 cyclopes
  A deep elf mage (D:12)
  3 orc sorcerers
  A manticore (D:13)
  18 elephants
  2 black mambas
  A torpor snail (Lair:6)
  3 centaur skeletons
  2 gargoyles
  12 spiny frogs
  A kobold demonologist (D:15)
  6 komodo dragons
  5 rime drakes
  A polar bear (Lair:6)
  An ice devil (D:11)
  5 trolls
  4 slime creatures (D:14)
  19 two-headed ogres
  A giant leech (Lair:4)
  12 blink frogs
  A meliai zombie (D:12)
  A spriggan (shapeshifter) (D:15)
  A shadow (D:11)
  A vampire (D:12)
  17 humans (D:14)
  A water elemental (D:14)
  34 yaks
  3 wyverns
  5 basilisks
  4 fire bats (D:13)
  6 wraiths
  2 fire elementals (D:14)
  2 steam dragons
  3 hungry ghosts
  10 hippogriffs
  2 nagas (Lair:2)
  11 vampire mosquitoes
  A soldier ant (D:13)
  2 mottled dragons
  4 wargs (Orc:1)
  2 swamp worms (Lair:4)
  4 hell hounds
  6 porcupines
  14 water moccasins
  A swamp drake (D:10)
  34 orc warriors
  2 wasps
  5 ice beasts
  An eye of draining (D:9)
  A sky beast (D:6)
  41 ogres
  3 black bears
  21 wolves
  9 centaurs
  11 crocodiles
  5 big kobolds
  13 giant frogs
  2 wyvern zombies
  A scorpion (D:9)
  7 killer bees
  13 wights
  5 electric eels
  3 howler monkeys
  5 vampire bats (Lair:5)
  5 crimson imps
  6 giant frog zombies
  2 lava snakes (D:13)
  8 centaur zombies
  2 hounds
  3 giant frog skeletons
  21 orc priests
  4 jellies
  Terence (D:2)
  Jessica (D:3)
  9 worker ants
  12 iguanas
  26 orc wizards
  A killer bee zombie (D:5)
  11 sheep
  A hound skeleton (D:8)
  21 mummies (Ossuary)
  5 worker ant zombies
  Robin (D:3)
  10 gnolls
  12 adders
  59 river rats
  A shadow imp (D:8)
  An ooze (D:2)
  3 adder zombies
  2 worms
  2 dart slugs
  A giant gecko (D:2)
  92 orcs
  A ball python (D:3)
  6 giant cockroaches
  13 goblins
  13 hobgoblins
  4 jackals
  51 kobolds
  10 quokkas
  A ball python zombie (Ossuary)
  6 bats
  A giant cockroach zombie (Ossuary)
  A giant gecko zombie (D:8)
  10 giant newts
  2 jackal zombies (Ossuary)
  A quokka skeleton (D:5)
  9 rats
  3 fire vortices (D:13)
  7 plants (Lair:1)
933 creatures vanquished.

Vanquished Creatures (others)
  A spiny frog (Lair:5)
  A sky beast (D:10)
  An ogre (Orc:2)
  A bush (Lair:2)
  19 fungi
  8 plants
31 creatures vanquished.

Grand Total: 964 creatures vanquished

Notes
Turn   | Place    | Note
--------------------------------------------------------------
     0 | D:1      | Moloch the Centaur Fighter began the quest for the Orb.
     0 | D:1      | Reached XP level 1. HP: 19/19 MP: 1/1
   162 | D:1      | Reached skill level 2 in Polearms
   381 | D:1      | Reached XP level 2. HP: 25/26 MP: 2/2
   837 | D:1      | Reached skill level 3 in Polearms
   985 | D:2      | Noticed Terence
  1030 | D:2      | Killed Terence
  1030 | D:2      | Reached XP level 3. HP: 29/31 MP: 3/3
  1254 | D:2      | Reached XP level 4. HP: 30/38 MP: 4/4
  1257 | D:2      | Reached skill level 4 in Polearms
  1568 | D:2      | Found a shattered altar of Ashenzari.
  1809 | D:3      | Noticed Robin
  2087 | D:3      | Killed Robin
  2118 | D:3      | Found a snail-covered altar of Cheibriados.
  2159 | D:3      | Found a sparkling altar of Nemelex Xobeh.
  2407 | D:3      | Found a glowing silver altar of Zin.
  2408 | D:3      | Noticed an angel
  2409 | D:3      | Found a shimmering altar of Xom.
  2448 | D:3      | Reached XP level 5. HP: 41/45 MP: 5/5
  2573 | D:3      | Noticed Jessica
  2579 | D:3      | Killed Jessica
  2579 | D:3      | Reached skill level 5 in Polearms
  2760 | D:4      | Found an opulent altar of Gozag.
  2764 | D:4      | Noticed an ogre
  2793 | D:4      | Killed an ogre
  2793 | D:4      | Reached XP level 6. HP: 16/51 MP: 6/6
  3051 | D:4      | Reached skill level 6 in Polearms
  3551 | D:4      | Got a crystal mace
  3552 | D:4      | Identified the +5 mace of Crystal {crush, MR+} (You found it on level 4 of the Dungeon)
  3907 | D:4      | Reached skill level 7 in Polearms
  3907 | D:4      | Reached XP level 7. HP: 22/57 MP: 7/7
  4649 | D:5      | Entered Level 5 of the Dungeon
  4653 | D:5      | Found an ancient bone altar of Kikubaaqudgha.
  4768 | D:5      | Reached skill level 8 in Polearms
  5379 | D:6      | Reached XP level 8. HP: 41/63 MP: 8/8
  5460 | D:6      | Reached skill level 9 in Polearms
  5524 | D:6      | Found a sand-covered staircase.
  5613 | Ossuary  | Entered an ossuary
  5828 | Ossuary  | Reached skill level 10 in Polearms
  6284 | D:6      | Reached XP level 9. HP: 49/70 MP: 9/9
  6380 | D:6      | Reached skill level 11 in Polearms
  6390 | D:6      | Gained mutation: You are clumsy. (Dex -2) [mutagenic meat]
  6393 | D:6      | Gained mutation: Your natural rate of healing is unusually fast. [mutagenic meat]
  7292 | D:7      | Found a white marble altar of Elyvilon.
  7694 | D:7      | Reached skill level 12 in Polearms
  7773 | D:7      | Found a staircase to the Ecumenical Temple.
  7789 | D:7      | Found an oddly glowing altar of Pakellas.
  7805 | Temple   | Entered the Ecumenical Temple
  7887 | D:7      | Found Cutaoruc's Gadget Emporium.
  8494 | D:7      | Reached skill level 5 in Fighting
  9137 | D:8      | Reached XP level 10. HP: 76/81 MP: 10/10
  9209 | D:8      | Identified the Collected Works on Helpful Orientation
  9358 | D:8      | Learned a level 6 spell: Deflect Missiles
  9825 | D:9      | Found an iron altar of Okawaru.
  9845 | D:9      | Became a worshipper of Warmaster Okawaru
 10277 | D:9      | Found a deep blue altar of Sif Muna.
 10371 | D:9      | Found a basalt altar of Yredelemnul.
 10371 | D:9      | Found a blossoming altar of Fedhas.
 10397 | D:9      | Reached * piety under Okawaru
 10411 | D:10     | Entered Level 10 of the Dungeon
 10439 | D:10     | Found a staircase to the Lair.
 10739 | D:10     | Reached skill level 13 in Polearms
 10825 | D:10     | Noticed a hill giant
 10942 | D:10     | Killed a hill giant
 11032 | D:10     | Reached ** piety under Okawaru
 11079 | D:10     | Identified a +0 rod of ignition (14/14) (You found it on level 10 of the Dungeon)
 11082 | D:10     | Identified a +1 rod of ignition (11/11) (You found it on level 7 of the Dungeon)
 11412 | D:10     | Found a staircase to the Orcish Mines.
 11441 | D:10     | Reached *** piety under Okawaru
 11465 | D:10     | Gained mutation: Your movements are slightly less encumbered by armour. (ER -2) [mutagenic meat]
 11474 | D:10     | Gained mutation: You expend magic power (3 MP) to strengthen your wands. [mutagenic meat]
 11477 | D:10     | Gained mutation: You can translocate small distances at will. [mutagenic meat]
 11480 | D:10     | Gained mutation: You have supernaturally acute eyesight. (SInv) [mutagenic meat]
 11483 | D:10     | Gained mutation: You are very clumsy. (Dex -4) [mutagenic meat]
 11581 | D:10     | Reached XP level 11. HP: 45/92 MP: 11/11
 11709 | D:10     | Found a runed door.
 11777 | D:10     | Reached skill level 14 in Polearms
 12201 | D:11     | Noticed Erica
 12306 | D:11     | Found a frozen archway.
 12318 | D:11     | Noticed a hill giant
 12342 | D:11     | Killed a hill giant
 12444 | IceCv    | Entered an ice cave
 12488 | IceCv    | HP: 2/94 [ice devil (22)]
 12932 | D:11     | Killed Erica
 12932 | D:11     | Reached **** piety under Okawaru
 13225 | D:11     | Reached skill level 15 in Polearms
 13364 | D:11     | Noticed Maud
 13364 | D:11     | Noticed a hill giant
 13520 | D:11     | Killed Maud
 13541 | D:11     | Killed a hill giant
 13564 | D:11     | Noticed Josephine
 13600 | D:11     | Killed Josephine
 13600 | D:11     | Reached ***** piety under Okawaru
 13626 | D:11     | Reached XP level 12. HP: 97/103 MP: 7/12
 13687 | D:11     | Received a gift from Okawaru
 13782 | Lair:1   | Entered Level 1 of the Lair of Beasts
 14564 | Lair:1   | Reached skill level 16 in Polearms
 15026 | Lair:2   | Found a staircase to the Snake Pit.
 15101 | Lair:2   | Got a pair of jewelled gloves
 15107 | Lair:2   | Identified the -2 pair of gloves of Trial and Error {rPois Regen+ Str+2} (You found it on level 2 of the Lair of Beasts)
 15176 | Lair:2   | Noticed a seven-headed hydra
 15219 | Lair:2   | Killed a seven-headed hydra
 15343 | Lair:2   | Found a bloodstained altar of Trog.
 15588 | Lair:2   | Received a gift from Okawaru
 15746 | Lair:2   | Learned a level 5 spell: Warp Weapon
 15904 | Lair:2   | Reached skill level 10 in Fighting
 16531 | Lair:3   | Reached skill level 17 in Polearms
 17377 | Lair:4   | Found a staircase to the Swamp.
 17468 | Lair:4   | Reached XP level 13. HP: 76/113 MP: 8/13
 18379 | Lair:5   | Received a gift from Okawaru
 18698 | Lair:5   | Found a blossoming altar of Fedhas.
 18964 | Lair:6   | Entered Level 6 of the Lair of Beasts
 19054 | Lair:6   | Reached skill level 18 in Polearms
 19228 | Lair:6   | Received a gift from Okawaru
 19440 | Lair:6   | Found a viscous altar of Jiyva.
 19440 | Lair:6   | Found a staircase to the Slime Pits.
 20265 | Lair:6   | Reached ****** piety under Okawaru
 20265 | Lair:6   | Reached XP level 14. HP: 114/124 MP: 11/14
 20426 | Lair:6   | Got a shimmering sapphire amulet
 20428 | Lair:6   | Identified the amulet "Tisemer" {Inacc Fragile rPois Dex+3 SInv} (You found it on level 6 of the Lair of Beasts)
 20664 | Lair:6   | Reached skill level 19 in Polearms
 21555 | Orc:1    | Entered Level 1 of the Orcish Mines
 21577 | Orc:1    | Received a gift from Okawaru
 22352 | Orc:1    | Reached skill level 1 in Dodging
 22619 | Orc:1    | Noticed an orc warlord
 23041 | Orc:1    | Killed an orc warlord
 23095 | Orc:1    | Found a roughly hewn altar of Beogh.
 23221 | Orc:2    | Entered Level 2 of the Orcish Mines
 23916 | Orc:2    | Found Koerghunk's Gadget Shop.
 23916 | Orc:2    | Found Anaask's Gadget Emporium.
 23916 | Orc:2    | Found Ynem's Food Emporium.
 23916 | Orc:2    | Found Hihotwec's General Store.
 23952 | Orc:2    | Received a gift from Okawaru
 23955 | Orc:2    | Got an opalescent robe {god gift}
 23956 | Orc:2    | Identified the +0 robe of Intuition {rPois rC- Str+4 Stlth+} (Okawaru gifted it to you on level 2 of the Orcish Mines)
 24017 | Orc:2    | Reached skill level 20 in Polearms
 24027 | Orc:2    | Found a staircase to the Elven Halls.
 24384 | Orc:2    | Bought the +5 ring mail of Time Monsters {*Drain rF+++ MP+9 Str+3} for 1003 gold pieces
 24774 | D:12     | Reached XP level 15. HP: 124/132 MP: 15/15
 25589 | D:13     | Found Lezuan's Armour Emporium.
 25930 | D:13     | Found a radiant altar of Vehumet.
 26236 | D:14     | Noticed Azrael
 26256 | D:14     | Killed Azrael
 26423 | D:14     | Noticed a frost giant
 26458 | D:14     | Killed a frost giant
 26812 | D:14     | Received a gift from Okawaru
 26865 | D:14     | Found a gate to the Vaults.
 27021 | D:14     | Reached skill level 21 in Polearms
 27135 | D:14     | Reached skill level 1 in Axes
 27527 | D:15     | Entered Level 15 of the Dungeon
 27666 | D:15     | Gained mutation: You heal very quickly. [mutagenic meat]
 27750 | D:15     | Quit the game

Vault maps used:
D:1:      evilmike_arrival_run_for_it
D:2:      old_standard_altar, serial_forest, infiniplex_forest_clump_small,
          infiniplex_forest_join, infiniplex_forest_corner_2,
          infiniplex_forest_straight_4, infiniplex_forest_lined_2,
          infiniplex_forest_clump_diagonal, infiniplex_forest_end_1,
          uniq_terence
D:3:      nemelex_xobeh_ov_fountains_minmay,
          grunt_temple_overflow_order_and_chaos_1, cheibriados_altar_1,
          uniq_jessica, uniq_robin
D:4:      minmay_goblin_kobold_castle, nicolae_gozag_seed_capital, first_bread
D:5:      overflow_temple_1_default, dk_noncrumbling_3
D:6:      lightli_ossuary_entry_decrepit_ruins
D:7:      nicolae_overflow_crystal_walls, elyvilon_altar_5, serial_shops, shop
D:8:      blue_anna_alchemist
D:9:      lemuel_blue_sif_altar, gammafunk_temple_overflow_elements,
          okawaru_altar_gauntlet_db, minmay_misc_feat_nine_boxes
D:10:     lair_0_dummy, erik_orc_1, minmay_st_funbox
D:11:     serial_glass, glass_columns_a, glass_columns_b,
          portal_ice_cave_entry_pillars_1, uniq_erica, uniq_josephine, uniq_maud
D:12:     minmay_strange_pillars, st_stairs_12
D:13:     basic_altar, serial_shops, nicolae_shop_statue_plus,
          hangedman_decor_slide_cut, hangedman_incinerator
D:14:     minmay_coctagon, grunt_vaults_entry_tiered, grunt_decor_resistance,
          uniq_azrael
D:15:     grunt_enter_depths_hoard, minmay_misc_feat_secret_circle,
          minmay_tree_intersection, gammafunk_pakellas_cloud_experiment
Temple:   compressed_dpeg_triangle_lava_temple
Lair:1:   wad_woods_river_01
Lair:2:   guppyfry_snake_entry_island, basic_altar, serial_bayou_shore_a
Lair:4:   minmay_swamp_entry_worms
Lair:5:   nicolae_quartered_pool_super, roderic_batcave, tgw_fedhas
Lair:6:   grunt_lair_end_beastmaster, slime_altar_1, lemuel_fruit_fields,
          grunt_megastairs_1
Orc:1:    orc_temple
Orc:2:    st_orc_ogre_mass
Ossuary:  ossuary_zaba_flooded
IceCv:    ice_cave_tombish

Skill      XL: |  1  2  3  4  5  6  7  8  9 10 11 12 13 14 15 |
---------------+----------------------------------------------+-----
Polearms       | 2 3 4 5 7 8 10 12 13 15 17 18 20 21 | 21.0
Fighting       | 5 7 8 10 11 12 | 12.1
Dodging        | 1 |  1.8
Armour         | 3 |  3.3
Axes           | 4 |  4.1
Shields        | |  2.1

Action                   |  1- 3 |  4- 6 |  7- 9 | 10-12 | 13-15 || total
-------------------------+-------+-------+-------+-------+-------++-------
Melee: Trident           |   135 |   316 |   784 |  1842 |  1780 ||  4857
       Kick              |    20 |    56 |   181 |   388 |   618 ||  1263
       Bardiche          |       |       |       |       |   577 ||   577
Invok: Heroism           |       |       |       |    10 |    11 ||    21
Evoke: Wand              |       |       |       |     3 |     2 ||     5
  Use: Scroll            |       |       |     9 |    21 |    11 ||    41
       Potion            |       |       |       |     1 |     2 ||     3
 Stab: Distracted        |       |       |       |     1 |       ||     1
  Eat: Chunk             |       |     8 |    19 |    27 |    28 ||    82
       Pizza             |       |       |     2 |     2 |     2 ||     6
       Beef jerky        |       |       |       |       |     4 ||     4
       Royal jelly       |       |       |       |       |     1 ||     1
Armor: Scale mail        |    37 |   120 |    67 |       |       ||   224
       Chain mail        |       |       |    42 |    49 |   100 ||   191
       Leather armour    |       |       |       |    12 |       ||    12
       Skin              |       |       |       |    14 |       ||    14
       Troll leather arm |       |       |       |    58 |   205 ||   263
       Ring mail         |       |       |       |       |   143 ||   143
Dodge: Dodged            |    16 |    52 |   192 |   534 |  1041 ||  1835
Block: Shield            |    41 |   117 |   194 |   384 |   422 ||  1158
